[Event "Titled Tuesday Blitz December 13 Early 2022"]
[White "D`Arruda, Ricardo D."]
[Black "Orozbaev, Eldiar"]
[WhiteFideId "100692"]
[BlackFideId "13802240"]
[WhiteElo "2454"]
[BlackElo "2154"]
[Result "0-1"]
[Round "01"]
[TimeControl "180+1"]
[Date "2022.12.14"]
[WhiteClock "0:00:07"]
[BlackClock "0:01:03"]

1. d4 Nf6 2. Nf3 d5 3. c4 c6 4. e3 g6 5. Nc3 Bg7 6. Bd3 O-O 7. O-O a6 8. e4 dxe4 9. Nxe4 Nxe4 10. Bxe4 Bg4 11. Be3 Nd7 12. h3 Bxf3 13. Bxf3 Rc8 14. Qc2 Qc7 15. Rfe1 Rfd8 16. Rad1 c5 17. d5 b5 18. b3 Ne5 19. Be2 bxc4 20. Bxc4 a5 21. Be2 c4 22. bxc4 Nxc4 23. Bxc4 Qxc4 24. Qxc4 Rxc4 25. Bb6 Rd7 26. Bxa5 Ra4 27. Bb6 Rxa2 28. Bc5 Bf6 29. d6 e6 30. Bd4 Bxd4 31. Rxd4 Ra6 32. Red1 Kg7 33. f4 Kf6 34. Kf2 e5 35. fxe5+ Kxe5 36. R4d2 Raxd6 37. Re1+ Kf6 38. Rxd6+ Rxd6 39. h4 Ra6 40. g3 Ra2+ 41. Kf3 Ra3+ 42. Kf4 h5 43. Rc1 Ra6 44. Rc3 Ra4+ 45. Kf3 Ra5 46. Rc6+ Kf5 47. Rc7 f6 48. Rc8 Ra3+ 49. Kg2 Ra2+ 50. Kf3 Ra3+ 51. Kg2 Re3 52. Kf2 Re5 53. Kf3 Ra5 54. Rc7 Ra3+ 55. Kg2 Ra4 56. Rc5+ Kg4 57. Rc2 f5 58. Rd2 Rb4 59. Rc2 Re4 60. Rb2 f4 61. gxf4 Rxf4 62. Rb6 Kf5 63. Kg3 Rg4+ 64. Kh3 Re4 65. Rb5+ Re5 66. Rb3 Kf4 67. Rg3 Re3 68. Rxe3 Kxe3 69. Kg3 Ke4 70. Kg2 Kf4 71. Kh3 Kf3 72. Kh2 Kg4 73. Kg2 Kxh4 0-1


[Site "https://www.chess.com"]

[Event "Titled Tuesday Blitz December 13 Early 2022"]
[White "Daneshvar, Bardiya"]
[Black "Redzisz, Michal"]
[WhiteFideId "12576468"]
[BlackFideId "21816107"]
[WhiteElo "2429"]
[BlackElo "2136"]
[Result "1-0"]
[Round "01"]
[TimeControl "180+1"]
[Date "2022.12.14"]
[WhiteClock "0:01:02"]
[BlackClock "0:00:12"]

1. b3 Nf6 2. Bb2 g6 3. g3 Bg7 4. Bg2 O-O 5. Nf3 b6 6. O-O Bb7 7. d3 d6 8. e4 e5 9. Nbd2 Nbd7 10. Re1 a5 11. a4 Re8 12. Nc4 Nc5 13. h3 h6 14. Ba3 Nfd7 15. Ne3 Ne6 16. h4 h5 17. Bb2 Rf8 18. Bh3 Ndc5 19. Nd2 Nd4 20. Bxd4 exd4 21. Nd5 Bxd5 22. exd5 f5 23. Nf3 Qf6 24. Qd2 Rae8 25. Qf4 Qf7 26. Ng5 Qxd5 27. Bg2 Ne4 28. dxe4 fxe4 29. Bxe4 Qc5 30. Qd2 d3 31. Bxd3 Bc3 32. Rxe8 Rxe8 33. Qf4 Re7 34. Rf1 Bd4 35. Bxg6 Re4 1-0


[Site "https://www.chess.com"]

[Event "Titled Tuesday Blitz December 13 Early 2022"]
[White "Degenbaev, Aziz"]
[Black "Babazada, Khazar"]
[WhiteFideId "13802640"]
[BlackFideId "13413554"]
[WhiteElo "2039"]
[BlackElo "2359"]
[Result "0-1"]
[Round "01"]
[TimeControl "180+1"]
[Date "2022.12.14"]
[WhiteClock "0:00:09"]
[BlackClock "0:00:08"]

1. c4 d6 2. Nc3 g6 3. d4 Bg7 4. e4 Nf6 5. f3 O-O 6. Be3 e5 7. d5 a5 8. Bd3 Na6 9. Qd2 c6 10. Nge2 Nc5 11. Bc2 Bd7 12. O-O cxd5 13. cxd5 b5 14. a3 b4 15. Nd1 Qb6 16. Nf2 Rfc8 17. Nd3 Rab8 18. axb4 axb4 19. Bxc5 dxc5 20. Nxe5 c4+ 21. Kh1 Be8 22. d6 Rb7 23. f4 Qc5 24. Ng3 Rd8 25. Rfd1 h5 26. Qe2 h4 27. Nf1 Bb5 28. Ne3 c3 29. Bd3 cxb2 30. Qxb2 Qxe3 31. Bxb5 Rxb5 32. Nc6 Nxe4 33. Ne7+ Kh7 0-1


[Site "https://www.chess.com"]

[Event "Titled Tuesday Blitz December 13 Early 2022"]
[White "Demin, Vladimir"]
[Black "Kostiukov, Alexandr"]
[WhiteFideId "4167457"]
[BlackFideId "14108100"]
[WhiteElo "2590"]
[BlackElo "2202"]
[Result "1/2-1/2"]
[Round "01"]
[TimeControl "180+1"]
[Date "2022.12.14"]
[WhiteClock "0:00:57"]
[BlackClock "0:01:32"]

1. e4 c5 2. Nf3 g6 3. c3 Bg7 4. d4 cxd4 5. cxd4 d5 6. exd5 Nf6 7. Nc3 Nxd5 8. Bc4 Nb6 9. Bb3 Nc6 10. Be3 Na5 11. O-O Nxb3 12. Qxb3 Be6 13. Qd1 O-O 14. Ne5 Nc4 15. Nxc4 Bxc4 16. Re1 Qd7 17. Qd2 Rfd8 18. Rad1 Rac8 19. Bh6 Qxd4 20. Qxd4 Bxd4 21. Rc1 Bf6 22. a3 Bb3 23. Be3 a6 24. g3 Bd4 25. Bxd4 Rxd4 26. Rxe7 b5 27. Ra7 Rc6 28. Re1 Rd2 29. Re2 Rxe2 30. Nxe2 Rc2 31. Nd4 Rxb2 32. Nxb3 Rxb3 33. Rxa6 b4 34. axb4 Rxb4 35. Kg2 Kg7 36. h4 h5 37. Ra7 Rb6 38. Ra5 Rc6 39. Ra7 Rc2 40. Ra6 Rb2 1/2-1/2


[Site "https://www.chess.com"]

[Event "Titled Tuesday Blitz December 13 Early 2022"]
[White "Deuer, Marius"]
[Black "Cruz, Jonathan"]
[WhiteFideId "16236432"]
[BlackFideId "3802124"]
[WhiteElo "2226"]
[BlackElo "2407"]
[Result "1-0"]
[Round "01"]
[TimeControl "180+1"]
[Date "2022.12.14"]
[WhiteClock "0:00:02"]
[BlackClock "0:00:01"]

1. d4 d5 2. c4 c6 3. Bf4 Nf6 4. e3 g6 5. Nf3 Bg7 6. h3 O-O 7. Nc3 b6 8. Be2 Bb7 9. O-O e6 10. Rc1 Nbd7 11. b4 dxc4 12. Bxc4 Nd5 13. Nxd5 exd5 14. Bd3 Re8 15. Qb3 Qe7 16. a4 a5 17. bxa5 Rxa5 18. Bc7 Rea8 19. Ra1 Ba6 20. Bxa6 R5xa6 21. Qc2 c5 22. Bf4 Qe6 23. Rfb1 Qc6 24. Qd1 Rxa4 25. Rxa4 Qxa4 26. dxc5 Qxd1+ 27. Rxd1 Nxc5 28. Rxd5 Ne4 29. Bc7 Bf8 30. Bxb6 Ra1+ 31. Kh2 Nxf2 32. Rd8 Rh1+ 33. Kg3 Ne4+ 34. Kf4 Nf6 35. Bc5 Nh5+ 36. Kg5 1-0


[Site "https://www.chess.com"]

[Event "Titled Tuesday Blitz December 13 Early 2022"]
[White "Devaev, Alexander"]
[Black "Rohith Krishna S"]
[WhiteFideId "4169395"]
[BlackFideId "46617051"]
[WhiteElo "2225"]
[BlackElo "2270"]
[Result "1-0"]
[Round "01"]
[TimeControl "180+1"]
[Date "2022.12.14"]
[WhiteClock "0:00:18"]
[BlackClock "0:00:59"]

1. d4 Nf6 2. c4 e6 3. Nf3 d5 4. Nc3 Be7 5. Bg5 O-O 6. e3 c6 7. Bxf6 Bxf6 8. cxd5 exd5 9. Bd3 Be6 10. Qc2 g6 11. h4 h5 12. O-O-O Bg7 13. Kb1 Bg4 14. Rdg1 Nd7 15. Ng5 c5 16. f3 c4 17. Bxg6 fxg6 18. fxg4 hxg4 19. Qxg6 Nf6 20. h5 Qe8 21. Qf5 Qxe3 22. Nxd5 Qd3+ 23. Qxd3 cxd3 24. Ne7+ Kh8 25. h6 Rfe8 26. Ng6+ Kg8 27. hxg7 Kxg7 28. Ne5 Rad8 29. Nxd3 Rxd4 30. Nc5 Kg6 31. Nge6 Rd2 32. Nf4+ Kg5 33. g3 b6 34. Nb3 Rf2 35. Re1 Rc8 36. Re5# 1-0


[Site "https://www.chess.com"]

[Event "Titled Tuesday Blitz December 13 Early 2022"]
[White "Donchenko, Alexander"]
[Black "Avazkhonov, Alikhon"]
[WhiteFideId "24603295"]
[BlackFideId "14208504"]
[WhiteElo "2581"]
[BlackElo "1739"]
[Result "1-0"]
[Round "01"]
[TimeControl "180+1"]
[Date "2022.12.14"]
[WhiteClock "0:01:04"]
[BlackClock "0:00:02"]

1. d4 Nf6 2. c4 e6 3. Nf3 Bb4+ 4. Bd2 Qe7 5. g3 Nc6 6. Nc3 Bxc3 7. Bxc3 Ne4 8. Rc1 O-O 9. Bg2 d6 10. O-O Nxc3 11. Rxc3 e5 12. d5 Nd8 13. c5 Bg4 14. cxd6 cxd6 15. Nd2 f5 16. Qc2 Bxe2 17. Re1 Bh5 18. Rc7 Qf6 19. Bh3 e4 20. Qc1 Nf7 21. Rxb7 Ne5 22. Re3 Rac8 23. Rc3 Nd3 24. Qc2 Rxc3 25. Qxc3 Qg5 26. Rxa7 e3 27. Qxd3 exd2 28. f4 Qd8 29. Qxd2 Qb6+ 30. Qf2 Qb4 31. a3 Qc4 32. Bf1 Qxd5 33. Rc7 Re8 34. Qa7 Re1 35. Qb8+ Be8 36. Qxe8+ Rxe8 37. Bc4 Re1+ 38. Kf2 Qxc4 39. Rxc4 Rh1 40. Kg2 Rb1 41. Rc2 d5 42. Kf3 d4 43. Ke2 Rh1 44. Kd3 Rd1+ 45. Rd2 1-0


[Site "https://www.chess.com"]

[Event "Titled Tuesday Blitz December 13 Early 2022"]
[White "Donskov, Anatoly"]
[Black "Domingo Nunez, Ruben"]
[WhiteFideId "24143413"]
[BlackFideId "22245570"]
[WhiteElo "2219"]
[BlackElo "2406"]
[Result "0-1"]
[Round "01"]
[TimeControl "180+1"]
[Date "2022.12.14"]
[WhiteClock "0:00:03"]
[BlackClock "0:00:31"]

1. e4 d6 2. d4 Nf6 3. Nc3 Nbd7 4. f4 g6 5. Nf3 Bg7 6. Bd3 O-O 7. O-O c5 8. d5 Qc7 9. Qe2 a6 10. a4 Nb6 11. a5 c4 12. axb6 Qxb6+ 13. Be3 cxd3 14. cxd3 Qb4 15. Ra4 Qb3 16. Nd4 Qb6 17. Ne6 Qb3 18. Nxf8 Kxf8 19. Bd4 Kg8 20. e5 Nxd5 21. exd6 Nxc3 22. Bxc3 Qxa4 23. Bxg7 Kxg7 24. Qe5+ Kg8 25. dxe7 Be6 26. d4 Qb5 27. Qf6 Qf5 28. Qxf5 Bxf5 29. Re1 Re8 30. d5 f6 31. d6 Kf7 32. Rd1 Bd7 33. Re1 Rc8 34. g4 Bxg4 35. Kf2 Bd7 36. Kg3 Rc6 37. Rd1 Rb6 38. Rd2 Rb3+ 39. Kf2 Rh3 40. Ke1 Re3+ 41. Kf2 Re4 42. Kf3 Re6 43. h4 Ke8 44. b4 Bc6+ 45. Kg4 Re3 46. f5 Re4+ 47. Kg3 gxf5 48. h5 Re3+ 49. Kh4 Kd7 50. h6 Re4+ 51. Kh5 Re6 52. Kh4 f4 53. Rf2 Kxd6 54. Rxf4 Kxe7 55. Rg4 Re4 56. Kh5 Rxg4 57. Kxg4 Ke6 0-1


[Site "https://www.chess.com"]

[Event "Titled Tuesday Blitz December 13 Early 2022"]
[White "Dudzinski, Pawel"]
[Black "Munkhgal, Gombosuren"]
[WhiteFideId "1117890"]
[BlackFideId "4901266"]
[WhiteElo "2099"]
[BlackElo "2577"]
[Result "0-1"]
[Round "01"]
[TimeControl "180+1"]
[Date "2022.12.14"]
[WhiteClock "0:00:17"]
[BlackClock "0:02:04"]

1. e4 d6 2. c4 Nf6 3. Nc3 g6 4. g3 Bg7 5. Bg2 O-O 6. Nge2 e5 7. d4 Nc6 8. d5 Ne7 9. O-O Nd7 10. f4 f5 11. h3 Nc5 12. Kh2 fxe4 13. Nxe4 Nxe4 14. Bxe4 Bf5 15. Bxf5 Nxf5 16. g4 Nd4 17. Nxd4 exd4 18. Qd3 Qh4 19. Bd2 Rae8 20. Rae1 c5 21. dxc6 bxc6 22. c5 d5 23. Qg3 Qd8 24. Rxe8 Rxe8 25. Re1 Re4 26. Qb3 Qe7 27. Rxe4 Qxe4 28. Qb8+ Bf8 29. Qe5 Qxe5 30. fxe5 Bxc5 31. Kg3 Kf7 32. Kh4 Be7+ 33. Kg3 Ke6 34. Kf4 g5+ 35. Kf3 Kxe5 36. b4 Bd8 37. a3 h6 38. Be1 Be7 39. Bd2 Ke6 40. Ke2 Bd6 41. Kd3 Bf4 42. Bxf4 gxf4 43. Kxd4 h5 44. gxh5 Kf5 45. h4 Kf6 46. Kd3 Kg7 47. Ke2 d4 48. Kf3 d3 49. Kf2 Kh6 50. b5 cxb5 0-1


[Site "https://www.chess.com"]

[Event "Titled Tuesday Blitz December 13 Early 2022"]
[White "Farmani Anosheh, Armin"]
[Black "Weetik, Vjacheslav"]
[WhiteFideId "24613240"]
[BlackFideId "4153472"]
[WhiteElo "2289"]
[BlackElo "2469"]
[Result "1-0"]
[Round "01"]
[TimeControl "180+1"]
[Date "2022.12.14"]
[WhiteClock "0:00:09"]
[BlackClock "0:00:03"]

1. d4 d5 2. c4 e6 3. Nf3 Nf6 4. g3 Bb4+ 5. Bd2 a5 6. Qc2 Nc6 7. Bg2 dxc4 8. Qxc4 Qd5 9. Qxd5 exd5 10. O-O O-O 11. Bf4 Bd6 12. Bxd6 cxd6 13. Nc3 Be6 14. Nb5 Rfd8 15. a4 Rac8 16. Rac1 Kf8 17. Rc3 Ne4 18. Rcc1 Nb4 19. Rfd1 Na2 20. Ra1 Nb4 21. Ne1 Ke7 22. Rac1 Na2 23. Ra1 Nb4 24. f3 Nf6 25. Rac1 Na2 26. Ra1 Nb4 27. Kf2 Ne8 28. g4 g5 29. e3 Nc7 30. Nc3 h5 31. h3 Na8 32. Nd3 Nb6 33. Rac1 Nc4 34. b3 Nxd3+ 35. Rxd3 Nb6 36. Rdd1 Rc6 37. Ke1 Rdc8 38. Kd2 f5 39. gxf5 Bxf5 40. e4 Be6 41. Re1 Kf7 42. f4 gxf4 43. exd5 1-0


[Site "https://www.chess.com"]

[Event "Titled Tuesday Blitz December 13 Early 2022"]
[White "Fecker, Noah"]
[Black "Maghsoodloo, Parham"]
[WhiteFideId "1334263"]
[BlackFideId "12539929"]
[WhiteElo "2291"]
[BlackElo "2672"]
[Result "0-1"]
[Round "01"]
[TimeControl "180+1"]
[Date "2022.12.13"]
[WhiteClock "0:00:14"]
[BlackClock "0:01:45"]

1. e4 c5 2. Nf3 d6 3. g3 a6 4. Bg2 Nf6 5. Qe2 b5 6. e5 dxe5 7. Nxe5 Ra7 8. a4 Bb7 9. Bxb7 Rxb7 10. axb5 axb5 11. O-O e6 12. Nc3 Bd6 13. Re1 O-O 14. d3 b4 15. Nd1 Bxe5 16. Qxe5 Nd5 17. Ne3 Nc6 18. Qh5 Nd4 19. Qd1 b3 20. c3 Nxe3 21. Bxe3 Nc2 22. Bxc5 Re8 23. Qf3 Rd7 24. d4 e5 25. dxe5 Rd3 26. Qb7 Qd5 27. Qxd5 Rxd5 28. Bd4 Nxe1 29. Rxe1 Ra8 30. Kf1 Ra2 31. Rb1 Rda5 32. Ke2 Ra1 33. Rxa1 Rxa1 34. c4 Rc1 35. c5 Kf8 36. Kd3 h5 37. f4 Rc2 38. Bc3 Rxh2 39. Kc4 Rg2 40. Kxb3 Rxg3 41. Kc4 Rxc3+ 42. bxc3 h4 43. c6 Ke8 44. Kc5 h3 45. Kb6 h2 46. c7 Kd7 47. Kb7 h1=Q+ 0-1


[Site "https://www.chess.com"]

[Event "Titled Tuesday Blitz December 13 Early 2022"]
[White "Fedoseev, Vladimir"]
[Black "Crevatin, Leo"]
[WhiteFideId "24130737"]
[BlackFideId "1726307"]
[WhiteElo "2733"]
[BlackElo "2190"]
[Result "1/2-1/2"]
[Round "01"]
[TimeControl "180+1"]
[Date "2022.12.13"]
[WhiteClock "0:00:11"]
[BlackClock "0:00:02"]

1. e4 c5 2. Nf3 d6 3. Nc3 Nf6 4. h3 Nc6 5. d4 cxd4 6. Nxd4 g6 7. Nxc6 bxc6 8. Bc4 Bg7 9. O-O O-O 10. Bb3 Nd7 11. Be3 Qa5 12. Bd4 Nc5 13. Bxg7 Kxg7 14. Qd4+ Kg8 15. Rfe1 Ne6 16. Qe3 Qe5 17. Rad1 Bb7 18. g3 Nc5 19. f4 Qh5 20. g4 Qh4 21. Bc4 Rad8 22. Bf1 Rfe8 23. Kh2 Ba8 24. Bg2 a5 25. e5 Ne6 26. Qg3 Qxg3+ 27. Kxg3 d5 28. Na4 g5 29. f5 Nf4 30. Bf1 Rb8 31. c3 c5 32. b3 Rec8 33. c4 d4 34. Bd3 h6 35. Be4 Bxe4 36. Rxe4 Rc7 37. Rxf4 gxf4+ 38. Kxf4 f6 39. e6 Kg7 40. h4 Rcc8 41. Nb2 Rc7 42. Rg1 Rh8 43. Ke4 Kf8 44. Nd3 Kg7 45. Nf4 Ra8 46. g5 hxg5 47. hxg5 fxg5 48. Rxg5+ Kh7 49. Nd5 Rb7 50. Rg3 a4 51. f6 exf6 52. e7 axb3 53. Rxb3 Rxb3 54. axb3 Kg7 55. b4 cxb4 56. Kxd4 Kf7 57. c5 Re8 58. c6 Rxe7 59. Kc4 f5 60. Kxb4 f4 61. Nxf4 Rc7 62. Kb5 Rxc6 63. Kxc6 1/2-1/2


[Site "https://www.chess.com"]

[Event "Titled Tuesday Blitz December 13 Early 2022"]
[White "Fernandez Garcia, Gumersindo"]
[Black "Grandelius, Nils"]
[WhiteFideId "24516740"]
[BlackFideId "1710400"]
[WhiteElo "2140"]
[BlackElo "2617"]
[Result "0-1"]
[Round "01"]
[TimeControl "180+1"]
[Date "2022.12.13"]
[WhiteClock "0:00:42"]
[BlackClock "0:01:28"]

1. Nf3 c5 2. e4 b6 3. d4 cxd4 4. Nxd4 Bb7 5. Nc3 e6 6. Bd3 Nc6 7. Nxc6 Bxc6 8. O-O Bd6 9. f4 Ne7 10. Kh1 Ng6 11. e5 Be7 12. Be4 Rc8 13. Be3 Qc7 14. Rc1 O-O 15. Qf3 f6 16. Bxc6 Qxc6 17. exf6 Qxf3 18. Rxf3 Bxf6 19. Bd2 Bxc3 20. Bxc3 Nxf4 21. Rd1 Nd5 22. Rg3 Nxc3 23. bxc3 Rf7 24. h4 Rc4 25. Rd4 Rxd4 26. cxd4 Rf4 27. Ra3 Rxh4+ 28. Kg1 Rxd4 29. Rxa7 b5 30. Rb7 Rd5 31. a3 Kf7 32. Kf2 Ke7 33. Ke3 Kd6 34. Rb8 Rg5 35. Kf3 Kc7 36. Rh8 h5 37. Rh7 g6 38. Rg7 Kc6 39. g3 Rg4 40. Kf2 d6 41. Kf3 g5 42. Rh7 Rc4 43. Rxh5 g4+ 44. Ke3 Rxc2 45. Rg5 Rc4 46. Rg6 Ra4 47. Rxe6 Rxa3+ 48. Kf4 Ra4+ 49. Kf5 Rc4 50. Re8 b4 51. Ke6 Re4+ 0-1


[Site "https://www.chess.com"]

[Event "Titled Tuesday Blitz December 13 Early 2022"]
[White "Fiedorek, Michal"]
[Black "Papasimakopoulos, Alexandros"]
[WhiteFideId "1199528"]
[BlackFideId "4244125"]
[WhiteElo "2201"]
[BlackElo "2384"]
[Result "1-0"]
[Round "01"]
[TimeControl "180+1"]
[Date "2022.12.14"]
[WhiteClock "0:00:09"]
[BlackClock "0:00:12"]

1. Nf3 d5 2. c4 dxc4 3. g3 b6 4. Bg2 Bb7 5. O-O Nf6 6. Qa4+ Nbd7 7. Qxc4 e6 8. b3 Be7 9. Bb2 O-O 10. d3 Nd5 11. Nbd2 Bf6 12. Bxf6 N5xf6 13. Rfd1 c5 14. Rac1 Rc8 15. Qh4 Nd5 16. Qxd8 Rfxd8 17. Nc4 Nb8 18. d4 cxd4 19. Nxd4 Nc6 20. Nb5 Nce7 21. Nbd6 b5 22. Nxb7 Rd7 23. Nca5 Rxc1 24. Rxc1 f5 25. e4 fxe4 26. Bxe4 b4 27. Kg2 Nc3 28. Bf3 Nf5 29. Nc5 Rd2 30. Nc4 Rxa2 31. Nxe6 g6 32. Nc5 Kg7 33. Ne4 Nd5 34. Ned6 Nxd6 35. Bxd5 Nf5 36. Rd1 a5 37. Be4 Ne7 38. Rd7 Kf6 39. Ra7 Re2 40. Bf3 Rc2 41. Rxa5 Rc3 42. Ne3 Rxb3 43. Nd5+ Nxd5 44. Bxd5 Rb2 45. Rb5 h6 46. h4 g5 47. hxg5+ hxg5 48. Kf3 Ke5 49. Ke3 Rb1 50. f4+ gxf4+ 51. gxf4+ Kd6 52. Be4 Re1+ 53. Kf3 Rf1+ 54. Kg4 Re1 55. Kf5 Ra1 56. Rxb4 Ke7 57. Rb7+ Kf8 58. Kg4 Ra4 59. Bf5 Ra1 60. Kg5 Ra6 61. Bg6 Rc6 62. f5 Kg8 63. f6 Rc8 64. Rg7+ Kf8 65. Bf5 Rb8 66. Rh7 Kg8 67. f7+ Kf8 68. Rh8+ Kg7 69. Rxb8 Kxf7 70. Rb7+ Ke8 71. Kf6 Kd8 72. Bg4 Ke8 73. Rb8# 1-0


[Site "https://www.chess.com"]

[Event "Titled Tuesday Blitz December 13 Early 2022"]
[White "Firouzja, Alireza"]
[Black "Estrada Nieto, Julian"]
[WhiteFideId "12573981"]
[BlackFideId "5101018"]
[WhiteElo "2904"]
[BlackElo "2195"]
[Result "1-0"]
[Round "01"]
[TimeControl "180+1"]
[Date "2022.12.13"]
[WhiteClock "0:00:56"]
[BlackClock "0:00:06"]

1. d4 d5 2. c3 Nf6 3. Nf3 c6 4. Bf4 Bf5 5. Nbd2 Nbd7 6. Nh4 Bg6 7. e3 e6 8. Nxg6 hxg6 9. h3 Be7 10. Bd3 O-O 11. O-O c5 12. Nf3 c4 13. Bc2 b5 14. Qe2 Qb6 15. Bg5 Rfe8 16. h4 b4 17. Ba4 Red8 18. g3 bxc3 19. bxc3 Qa5 20. Qc2 Nb6 21. Bc6 Rac8 22. Ne5 Rd6 23. e4 Rcxc6 24. Nxc6 Rxc6 25. e5 Ne4 26. Bxe7 Qxc3 27. Qxc3 Nxc3 28. Kg2 Nba4 29. Rh1 Rb6 30. h5 gxh5 31. Rxh5 f6 32. exf6 Kf7 33. Rh7 Kg6 34. Rxg7+ Kf5 35. f7 Rb8 36. Rg8 1-0


[Site "https://www.chess.com"]

[Event "Titled Tuesday Blitz December 13 Early 2022"]
[White "Fromm, Marius"]
[Black "Prieto Aranguren, Alain"]
[WhiteFideId "12993190"]
[BlackFideId "2268906"]
[WhiteElo "2325"]
[BlackElo "2209"]
[Result "1-0"]
[Round "01"]
[TimeControl "180+1"]
[Date "2022.12.14"]
[WhiteClock "0:00:30"]
[BlackClock "0:00:27"]

1. e4 c6 2. d4 d5 3. exd5 cxd5 4. Bd3 Nc6 5. c3 Qc7 6. h3 g6 7. Nf3 Bf5 8. Be2 Bg7 9. O-O Nf6 10. Be3 O-O 11. Nbd2 Rac8 12. Re1 Rfe8 13. Bf1 Ne4 14. Rc1 Nxd2 15. Qxd2 Be4 16. Ng5 Bf5 17. Bf4 Qb6 18. Nf3 Be4 19. Ng5 Bf5 20. Be3 Na5 21. b3 Nc6 22. b4 a5 23. b5 Nb8 24. a4 Nd7 25. c4 Nf6 26. c5 Qd8 27. g4 Ne4 28. Nxe4 Bxe4 29. Bg2 Bxg2 30. Kxg2 e6 31. Bg5 Qc7 32. Bf4 Qd7 33. Be5 Bxe5 34. Rxe5 Qd8 35. Rce1 b6 36. c6 Qd6 37. f4 Ra8 38. f5 Qb4 39. Qh6 Rac8 40. R1e2 Qf8 41. Qxf8+ Kxf8 42. fxe6 fxe6 43. Rxe6 Rxe6 44. Rxe6 Kf7 45. Rd6 Ke7 46. Rxd5 Rf8 47. Rd7+ Ke6 48. d5+ Ke5 49. c7 1-0


[Site "https://www.chess.com"]

[Event "Titled Tuesday Blitz December 13 Early 2022"]
[White "Ghosh, Chanchal Kumer"]
[Black "Terzi, Alexei"]
[WhiteFideId "10201858"]
[BlackFideId "13505076"]
[WhiteElo "2058"]
[BlackElo "2172"]
[Result "0-1"]
[Round "01"]
[TimeControl "180+1"]
[Date "2022.12.14"]
[WhiteClock "0:00:50"]
[BlackClock "0:00:46"]

1. e4 e6 2. Nf3 d5 3. Nc3 c5 4. exd5 exd5 5. d4 Nc6 6. dxc5 Nf6 7. Bg5 Be6 8. Bb5 Bxc5 9. O-O O-O 10. Re1 Be7 11. a3 a6 12. Bd3 h6 13. Bh4 Re8 14. Qe2 Qb6 15. b4 Nd4 16. Qe3 Nxf3+ 17. Qxf3 Qd4 18. Qe3 Qxh4 19. Ne2 Ng4 20. Qg3 Qxg3 21. hxg3 Bf6 22. Rad1 Ne5 23. Nf4 Nxd3 24. Rxd3 Rac8 25. Rd2 Bc3 0-1


[Site "https://www.chess.com"]

[Event "Titled Tuesday Blitz December 13 Early 2022"]
[White "Gil Alba, Hector Luis"]
[Black "Galchenko, Matvey"]
[WhiteFideId "3504670"]
[BlackFideId "24175480"]
[WhiteElo "2331"]
[BlackElo "2404"]
[Result "0-1"]
[Round "01"]
[TimeControl "180+1"]
[Date "2022.12.14"]
[WhiteClock "0:00:04"]
[BlackClock "0:02:23"]

1. e4 e6 2. d4 d5 3. exd5 exd5 4. c4 Nf6 5. Nc3 Bb4 6. Nf3 O-O 7. Bd3 dxc4 8. Bxc4 Bg4 9. Be3 Nc6 10. O-O Rb8 11. a3 Ba5 12. b4 Bb6 13. d5 Bxe3 14. fxe3 Qe7 15. dxc6 Qxe3+ 16. Kh1 Qxc3 17. Rc1 Qxa3 18. cxb7 Qxb4 0-1


[Site "https://www.chess.com"]

[Event "Titled Tuesday Blitz December 13 Early 2022"]
[White "Gjestemoen-VonHirsch, Andre"]
[Black "Chernobay, Artem"]
[WhiteFideId "1539531"]
[BlackFideId "4167406"]
[WhiteElo "2198"]
[BlackElo "2474"]
[Result "0-1"]
[Round "01"]
[TimeControl "180+1"]
[Date "2022.12.14"]
[WhiteClock "0:00:06"]
[BlackClock "0:00:58"]

1. b3 Nf6 2. Bb2 g6 3. Nf3 Bg7 4. e3 d6 5. c4 e5 6. Nc3 O-O 7. d4 e4 8. Nd2 Re8 9. d5 Nbd7 10. Qc2 Qe7 11. Be2 Nf8 12. Nb5 c6 13. dxc6 bxc6 14. Nd4 Bd7 15. O-O h5 16. Rad1 h4 17. h3 N8h7 18. f4 exf3 19. Rxf3 Ng5 20. Rf2 Bxh3 21. Nxc6 Qxe3 22. Nf1 Qc5 23. Bxf6 Bxf6 24. Rd5 Qb6 25. Qd3 Ne4 26. Ne3 Nxf2 27. Kxf2 Bf5 28. Rxf5 gxf5 29. Kf3 Rxe3+ 30. Qxe3 Qxc6+ 31. Kf2 Qc5 32. Bf3 0-1


[Site "https://www.chess.com"]

[Event "Titled Tuesday Blitz December 13 Early 2022"]
[White "Goltsev, Dmitry"]
[Black "Bogaudinov, Rushan"]
[WhiteFideId "24176710"]
[BlackFideId "4129288"]
[WhiteElo "2327"]
[BlackElo "2028"]
[Result "1-0"]
[Round "01"]
[TimeControl "180+1"]
[Date "2022.12.14"]
[WhiteClock "0:01:30"]
[BlackClock "0:00:01"]

1. e4 c5 2. Nf3 Nc6 3. d4 cxd4 4. Nxd4 g6 5. Nxc6 bxc6 6. Qd4 Nf6 7. e5 Nd5 8. c4 Nc7 9. e6 f6 10. exd7+ Qxd7 11. Qxd7+ Bxd7 12. Nc3 e5 13. g3 Bb4 14. Bd2 Ne6 15. a3 Be7 16. Bg2 Nd4 17. O-O Be6 18. Be3 Kf7 19. Rfd1 Rad8 20. Bxd4 exd4 21. Ne2 d3 22. Nf4 Bxc4 23. Rac1 Bb5 24. Bxc6 d2 25. Rc2 Bxc6 26. Rxc6 g5 27. Ng2 Rd3 28. Ne3 Rhd8 29. Kf1 a5 30. Ke2 Rb3 31. Rc2 Kg6 32. Rdxd2 Rxd2+ 33. Rxd2 a4 34. Nc4 h5 35. Rd3 Rb5 36. Rd7 Bc5 37. f3 h4 38. Rd5 hxg3 39. hxg3 Kf7 40. Kd3 Rb3+ 41. Ke4 Bf2 42. g4 Bg3 43. Ra5 Be5 44. Rxa4 1-0


[Site "https://www.chess.com"]

[Event "Titled Tuesday Blitz December 13 Early 2022"]
[White "Goroshkov, Maksym"]
[Black "Zaksaite, Salomeja"]
[WhiteFideId "14142716"]
[BlackFideId "12801496"]
[WhiteElo "2258"]
[BlackElo "2079"]
[Result "1-0"]
[Round "01"]
[TimeControl "180+1"]
[Date "2022.12.14"]
[WhiteClock "0:00:51"]
[BlackClock "0:00:04"]

1. e4 c5 2. d4 cxd4 3. c3 Nf6 4. e5 Nd5 5. cxd4 e6 6. Nc3 Nxc3 7. bxc3 Qc7 8. Bd2 d6 9. Nf3 dxe5 10. Nxe5 Nd7 11. Bb5 Bd6 12. f4 O-O 13. O-O f6 14. Nc4 Be7 15. Ne3 Nb6 16. Bd3 Nd5 17. Nxd5 exd5 18. Qh5 f5 19. Rae1 Bf6 20. Qf3 Qd6 21. Kh1 Be6 22. Re3 g6 23. Rfe1 Rae8 24. Bc2 Bf7 25. Bb3 Rxe3 26. Rxe3 Qd7 27. h3 Kg7 28. Bc1 Re8 29. Re5 Bxe5 30. fxe5 h6 31. Bf4 Be6 32. Bc1 g5 33. Ba3 Rd8 34. Bd6 a5 35. Bxd5 Bxd5 36. Qxd5 1-0


[Site "https://www.chess.com"]

[Event "Titled Tuesday Blitz December 13 Early 2022"]
[White "Goryachkina, Aleksandra"]
[Black "Kulkarni, Vikramaditya"]
[WhiteFideId "4147103"]
[BlackFideId "5009847"]
[WhiteElo "2484"]
[BlackElo "2273"]
[Result "1-0"]
[Round "01"]
[TimeControl "180+1"]
[Date "2022.12.14"]
[WhiteClock "0:00:04"]
[BlackClock "0:00:11"]

1. e4 e6 2. d4 d5 3. Nc3 Nf6 4. Bg5 Be7 5. e5 Ng8 6. h4 h6 7. Bxe7 Nxe7 8. Nce2 b6 9. Ng3 Ba6 10. Bxa6 Nxa6 11. Qg4 O-O 12. N1e2 Nb4 13. O-O Nxc2 14. Rac1 Nb4 15. Nh5 Nf5 16. a3 Na6 17. g3 c5 18. Nef4 Kh7 19. Qe2 c4 20. Rfd1 b5 21. Qc2 Kh8 22. Qd2 Rb8 23. Rc3 b4 24. axb4 Nxb4 25. g4 Nxh4 26. Nxg7 Nd3 27. Qe3 Qg5 28. Ngh5 Qxg4+ 29. Kh2 Rg8 30. Rcxd3 cxd3 31. Ng3 Qxd1 32. Nxd3 Qg4 33. Qxh6# 1-0


[Site "https://www.chess.com"]